Map: Prion Terraces

Players

Ailee (Azure) - Winner!

  • Race: Terran Terran
  • League: Grandmaster

Excel

  • Race: Zerg Zerg
  • League: Grandmaster

VOD

Have the link to the VOD?

Description

Time

  • Played on: Dec. 4, 2015, 5:09 a.m.
  • Length: 8:51
Show
View Real Time Build Order
Export as new Build Order

Ailee Terran - Winner!

Build Orders:  

Get SALT Encoding   

  12  0:01  SCV  
  13  0:13  SCV  
  14  0:18  Supply Depot  
  14  0:25  SCV  
  15  0:39  SCV  
  15  0:40  Barracks  
  16  0:44  Refinery  
  16  0:51  SCV  
  17  0:59  Barracks  
  17  1:04  SCV  
  18  1:15  Barracks  
  18  1:19  SCV  
  19  1:27  Reaper  
  19  1:31  Refinery  
  20  1:43  Orbital Command  
  20  1:46  Reaper  
  21  1:59  Supply Depot  
  21  2:01  Reaper  
  22  2:09  Reaper  
  23  2:20  SCV, Reaper  
  25  2:32  SCV  
  25  2:33  Reaper  
  27  2:41  Reaper  
  28  2:44  SCV  
  29  2:52  Reaper  
  29  2:56  SCV  
  31  3:05  Reaper  
  31  3:10  Command Center  
  31  3:29  Supply Depot  
  31  3:50  SCV, Reaper x3  
  35  4:03  SCV  
  34  4:11  Command Center  
  34  4:15  SCV  
  35  4:23  Reaper x3  
  37  4:27  SCV  
  38  4:38  Factory  
  38  4:40  SCV  
  38  4:42  Orbital Command  
  39  4:52  SCV  
  40  4:55  Barracks Tech Lab  
  40  4:56  Barracks Reactor x2  
  40  5:04  SCV  
  41  5:16  SCV  
  41  5:18  SCV  
  43  5:21  Stimpack  
  43  5:24  Orbital Command  
  43  5:25  Barracks  
  43  5:26  Barracks  
  43  5:27  Engineering Bay  
  43  5:28  SCV, Engineering Bay  
  44  5:31  SCV  
  44  5:35  Marine x2  
  45  5:36  Marine  
  45  5:40  SCV  
  49  5:43  SCV  
  49  5:49  Hellion x2  
  54  5:52  SCV  
  54  5:53  Marine x2  
  56  5:59  SCV  
  56  6:07  Marine  
  56  6:09  SCV  
  56  6:10  Hellion  
  56  6:11  Hellion, Marine  
  62  6:13  Barracks Reactor  
  62  6:14  Terran Infantry Weapons Level 1, Barracks Reactor  
  62  6:15  Terran Infantry Armor Level 1  
  62  6:18  Refinery  
  63  6:19  SCV  
  63  6:20  Refinery  
  63  6:23  SCV  
  63  6:25  SCV  
  66  6:28  Barracks Reactor  
  66  6:30  Starport  
  66  6:32  Hellion  
  67  6:35  Marine x2  
  67  6:36  SCV  
  69  6:52  Supply Depot  
  69  6:53  Supply Depot  
  69  6:58  SCV  
  69  7:00  Supply Depot  
  69  7:01  Bunker  
  68  7:05  Marine x3  
  69  7:09  SCV  
  69  7:13  SCV, Factory Reactor, Marine x4  
  74  7:16  Supply Depot  
  74  7:22  Armory, Medivac x2  
  78  7:24  Orbital Command  
  78  7:34  Marine x5  
  78  7:35  Marine x4  
  78  7:36  SCV  
  87  7:40  SCV  
  87  7:45  Orbital Command  
  87  7:48  SCV  
  87  7:49  Widow Mine x2  
  92  7:52  Marine x4  
  96  8:00  SCV, Marine  
  96  8:01  Marine x3  
  101  8:07  Supply Depot  
  101  8:10  SCV  
  101  8:17  Widow Mine  
  101  8:19  Marine  
  101  8:20  SCV  
  101  8:23  Supply Depot  
  101  8:26  Supply Depot  
  101  8:28  SCV, Marine x4  
  109  8:46  Supply Depot  
  117  8:49  Supply Depot  
  117  8:51  Bunker  
Show
View Real Time Build Order
Export as new Build Order

Excel Zerg 

Build Orders: Hatch First 

Get SALT Encoding   

  12  0:01  Drone  
  13  0:11  Drone  
  14  0:20  Drone, Extractor x2  
  13  0:22  Drone  
  16  0:29  Overlord  
  16  0:47  Drone x2  
  18  0:56  Hatchery  
  17  1:00  Drone  
  18  1:14  Spawning Pool  
  18  1:18  Drone  
  18  1:23  Drone  
  19  1:26  Extractor  
  19  1:28  Drone  
  19  1:38  Overlord  
  19  1:54  Drone  
  19  2:00  Zergling x2  
  21  2:01  Queen  
  21  2:08  Queen  
  25  2:13  Drone x2  
  27  2:19  Drone  
  28  2:26  Drone  
  28  2:28  Spore Crawler  
  28  2:29  Spore Crawler  
  27  2:32  Drone x2  
  27  2:33  Metabolic Boost  
  29  2:42  Drone x2  
  30  2:49  Queen  
  34  2:56  Overlord  
  34  2:57  Zergling x2  
  35  3:02  Zergling x2  
  35  3:05  Zergling x2  
  36  3:14  Queen  
  36  3:18  Zergling x4  
  38  3:24  Zergling x4  
  38  3:34  Zergling x4  
  38  3:35  Zergling x2  
  38  3:37  Zergling x2  
  39  3:42  Zergling x2  
  39  3:44  Zergling x2  
  39  3:45  Zergling x2  
  39  3:46  Zergling x2  
  41  3:49  Zergling x2  
  41  3:54  Zergling x2  
  39  3:58  Zergling x2  
  39  4:02  Zergling x4  
  40  4:03  Zergling x2  
  40  4:07  Zergling x2  
  40  4:08  Queen  
  41  4:11  Zergling x2  
  42  4:17  Queen  
  41  4:25  Zergling x2  
  41  4:26  Drone  
  40  4:33  Zergling x2  
  40  4:34  Drone  
  38  4:39  Zergling x2  
  38  4:41  Zergling x6  
  42  4:45  Hatchery  
  42  4:48  Zergling x2  
  42  4:51  Zergling x2  
  42  4:55  Zergling x2  
  43  5:05  Queen  
  43  5:12  Queen  
  44  5:15  Overlord  
  44  5:16  Overlord x4  
  44  5:19  Overlord  
  44  5:23  Overlord  
  44  5:34  Zergling x2  
  44  5:35  Zergling x6  
  47  5:36  Zergling x2  
  47  5:45  Zergling x6  
  50  5:55  Zergling x4  
  50  5:56  Zergling x2  
  49  6:02  Zergling x2  
  48  6:08  Zergling x2  
  48  6:09  Queen x2, Zergling x2  
  51  6:13  Zergling x2  
  51  6:17  Zergling x4  
  54  6:21  Drone x2  
  54  6:23  Drone  
  55  6:35  Drone x3  
  56  6:42  Drone  
  56  6:43  Drone  
  56  6:47  Roach Warren  
  57  6:48  Drone x2  
  57  6:51  Drone x4  
  62  6:55  Zergling x2  
  62  6:56  Zergling x2  
  53  7:02  Zergling x2  
  53  7:05  Spore Crawler, Drone x2  
  56  7:10  Drone  
  56  7:13  Drone  
  58  7:17  Drone  
  58  7:22  Extractor x2  
  58  7:24  Drone  
  58  7:25  Drone x3, Extractor  
  58  7:28  Drone  
  60  7:34  Drone x2  
  53  7:43  Drone x5  
  58  7:46  Roach  
  58  7:47  Roach x2  
  58  7:48  Roach  
  58  7:49  Roach  
  70  7:51  Roach  
  68  8:02  Roach x2  
  68  8:05  Drone  
  71  8:12  Roach x2  
  75  8:19  Drone  
  72  8:21  Drone  
  72  8:22  Drone  
  72  8:26  Drone  
  75  8:30  Drone  
  80  8:35  Evolution Chamber  
  80  8:36  Evolution Chamber  
Tags
 
Add a new tag
Caveats
  • Supply blocks, unpowered buildings, or Contaminate may cause inaccurate times.
  • Supply counts are checked every 10 seconds.